 Dungeon Crawl Stone Soup version 0.28-a0-1182-g381e24db82 (webtiles) character file.

Game seed: 15309674625315897716

16 ryw the Caller (level 2, -1/15 HPs)
             Began as a Tengu Summoner on Dec 17, 2021.
             Slain by a quokka (2 damage)
             ... on level 1 of the Dungeon.
             The game lasted 00:02:07 (680 turns).

ryw the Caller (Tengu Summoner)                      Turns: 680, Time: 00:02:08

Health: -1/15      AC:  2    Str:  8    XL:     2   Next: 58%
Magic:  2/6        EV: 12    Int: 15    God:
Gold:   17         SH:  0    Dex: 14    Spells: 2/5 levels left

rFire   . . .      SeeInvis .   b - +0 short sword
rCold   . . .      Faith    .   (no shield)
rNeg    . . .      Spirit   .   a - +0 robe
rPois   .          Reflect  .   (helmet restricted)
rElec   .          Harm     .   (no cloak)
rCorr   .          Rampage  .   (no gloves)
Will    .....                   (boots unavailable)
Stlth   ++........              (no amulet)
HPRegen 0.05/turn               (no ring)
MPRegen 0.10/turn               (no ring)

@: no status effects
A: beak, talons 3
a: no special abilities


You were on level 1 of the Dungeon.
You visited 1 branch of the dungeon, and saw 1 of its levels.

You collected 17 gold pieces.

Inventory:

Hand Weapons
 b - a +0 short sword (weapon)
 e - a +0 war axe
Armour
 a - a +0 robe (worn)
 f - a +0 leather armour
Jewellery
 d - a ring of ice
Scrolls
 c - a scroll of teleportation {unknown}


   Skills:
 + Level 2.2 Dodging
 - Level 2.0 Stealth
 + Level 2.3 Spellcasting
 * Level 5.3 Summonings


You had 2 spell levels left.
You knew the following spells:

 Your Spells              Type           Power      Damage    Failure   Level
a - Summon Small Mammal   Summ           68%        N/A       2%          1
b - Call Imp              Summ           17%        N/A       3%          2

Your spell library contained the following spells:

 Spells                   Type           Power      Damage    Failure   Level
 Call Canine Familiar     Summ           17%        N/A       7%          3
 Summon Guardian Golem    Hex/Summ       9%         N/A       22%         3
 Summon Lightning Spire   Summ/Air       9%         N/A       56%         4


Dungeon Overview and Level Annotations

Branches:
Dungeon (1/15)

Altars:


Innate Abilities, Weirdness & Mutations

You have a beak for a mouth.
You have claws for feet.


Message History

Your bat barely misses the quokka.
Casting: Summon Small Mammal (safe; 2% risk of failure)
Confirm with . or Enter, or press ? or * to list all spells.
Your quokka disappears in a puff of smoke!
Your bat barely misses the quokka.
The quokka bites you.
Unknown command.
Unknown command.
Your bat misses the quokka.
Your quokka closely misses the quokka.
You closely miss the quokka. Your kick misses the quokka.
Your peck misses the quokka.
Your bat barely misses the quokka.
Your quokka misses the quokka. The quokka bites you.
You barely miss the quokka. Your kick misses the quokka.
Your peck misses the quokka.
Your bat closely misses the rat.
Your quokka closely misses the quokka.
The quokka completely misses you. The rat barely misses your quokka.
Your quokka barely misses the quokka.
You barely miss the quokka. Your kick misses the quokka.
You peck the quokka, but do no damage. Your bat misses the rat.
The quokka bites you.
Your quokka barely misses the quokka.
The quokka closely misses you.
You hit the quokka but do no damage.
Your bat closely misses the quokka.
The rat barely misses you.
Your quokka barely misses the quokka.
The quokka misses you.
Your bat closely misses the rat.
Casting: Summon Small Mammal (safe; 2% risk of failure)
Confirm with . or Enter, or press ? or * to list all spells.
A beastly little devil appears in a puff of frigid air.
Your bat hits the quokka but does no damage.
Your quokka bites the quokka but does no damage.
The rat bites you. The quokka bites you.
Unknown command.
You hit the quokka.
The quokka is almost dead.
Your bat closely misses the quokka.
Your bat hits the rat.
Your quokka barely misses the quokka.
The quokka bites you.
* * * LOW HITPOINT WARNING * * *
The rat closely misses you.
Your quokka misses the quokka.
Your white imp hits the rat.
The rat dies!
The quokka bites you.
You die...

##### #...#
#########################...#####
.................................
.................# #######r#....
........####.###@## #.#.###
#######.#......†rr# #.#...#
#.#......5..# #######.###.#
#.#......b...##............
#.#........#.##...........#
#.#........#.##...........#
#.#........#.##...........#
.#........#.##...........#
........#..#...........#


You could see a quokka (ally target), a friendly white imp (summoned), a
friendly quokka (summoned) and a friendly bat (summoned).

Vanquished Creatures
  A jackal (D:1)
1 creature vanquished.

Vanquished Creatures (collateral kills)
  A dart slug (D:1)
  3 endoplasms (D:1)
  2 hobgoblins (D:1)
  2 jackals (D:1)
  A ball python (D:1)
  A frilled lizard (D:1)
  3 rats (D:1)
13 creatures vanquished.

Grand Total: 14 creatures vanquished

Notes
Turn   | Place    | Note
-------+----------+-------------------------------------------
     0 | D:1      | ryw the Tengu Summoner began the quest for the Orb.
     0 | D:1      | Reached XP level 1. HP: 10/10 MP: 4/4
   276 | D:1      | Reached skill level 5 in Summonings
   276 | D:1      | Reached XP level 2. HP: 15/15 MP: 3/6
   279 | D:1      | Learned a level 2 spell: Call Imp
   680 | D:1      | Slain by a quokka

Illustrated notes

Levels and vault maps discovered:
D:1:      lightli_iron_boxes, layout_basic

Skill      XL: |  1 |
---------------+----+-----
Summonings     | 5 |  5.3
Dodging        | |  2.2
Stealth        | |  2.0
Spellcasting   | |  2.3

Action                   || total
-------------------------++-------
Melee: Unarmed           ||     3
       Short sword       ||    11
       Peck              ||     2
       Kick              ||     1
 Cast: Summon Small Mamm ||    27
       Call Imp          ||     1
Armor: Robe              ||     1
Dodge: Dodged            ||    13

Table legend: (Time is in decaauts)
 A = Elapsed time spent in this place.
 B = Non-inter-level travel time spent in this place.
 C = Inter-level travel time spent in this place.
 D = Time resting spent in this place.
 E = Time spent auto-exploring this place.
 F = Levels seen in this place.
 G = Mean time per level.
                   A        B        C        D        E       F      G
               +--------+--------+--------+--------+--------+-----+--------+
         Total |    680 |    680 |      0 |      0 |    493 |   1 |  680.0 |
       Dungeon |    680 |    680 |      0 |      0 |    493 |   1 |  680.0 |
               +--------+--------+--------+--------+--------+-----+--------+

Top non-repeatable levels by time:
     D:1: 680 daAuts
